 Dungeon Crawl Stone Soup version 0.31-a0-844-gdc52ec4e09 (webtiles) character file.

Game seed: 11983471316747082166

103934 pokeman the Sorcerer (level 15, -1/86 HPs)
             Began as a Deep Elf Hedge Wizard on Sept 28, 2023.
             Was the Champion of Vehumet.
             Slain by a harpy (11 damage)
             ... on level 1 of the Shoals.
             The game lasted 01:26:22 (23942 turns).

pokeman the Sorcerer (Deep Elf Hedge Wizard)       Turns: 23942, Time: 01:26:23

Health: -1/86      AC: 20    Str:  7    XL:     15   Next: 90%
Magic:  14/44      EV:  7    Int: 29    God:    Vehumet [******]
Gold:   1845       SH:  0    Dex: 17    Spells: 32/60 levels left

rFire   + + .        P - +1 short sword (venom)
rCold   x . .        u - sphere of Battle
rNeg    . . .        e - +0 fire dragon scales
rPois   +            I - +2 helmet of Jigsaw {*Slow Fly Int+2}
rElec   +            x - scarf {repulsion}
rCorr   .            q - +2 pair of gloves of Watchfulness {rElec rF- Dex+3}
SInv    .            L - +2 pair of boots
Will    +....        E - amulet of magic regeneration
Stlth   +            N - ring of poison resistance
HPRegen 0.34/turn    z - ring of protection from fire
MPRegen 0.69/turn

%: slow self (1%), repel missiles
@: flying, mesmerised, very slightly contaminated
A: no striking features
a: Renounce Religion


You were on level 1 of the Shoals.
You worshipped Vehumet.
Vehumet was exalted by your worship.
You visited 4 branches of the dungeon, and saw 22 of its levels.
You also visited: Gauntlet and Ice Cave.

You collected 1957 gold pieces.
You spent 112 gold pieces at shops.

Inventory:

Hand Weapons
 P - a +1 short sword of venom (weapon)
Missiles
 s - 7 throwing nets
Armour
 e - +0 fire dragon scales (worn)
 q - the +2 pair of gloves of Watchfulness (worn) {rElec rF- Dex+3}
   (You found it on level 1 of the Lair of Beasts)

   Dex+3:     It affects your dexterity (+3).
   rF-:       It makes you vulnerable to fire.
   rElec:     It insulates you from electricity.
 u - the sphere of Battle (worn)
   (You found it on level 3 of the Dungeon)

   Battle:    It summons a battlesphere in combat, with strength depending on
   Conjurations skill.
   Destructive: It enhances your destructive magic, and weakens non-destructive
   magic.
 x - a scarf of repulsion (worn)
 y - an orb of light
 I - the +2 helmet of Jigsaw (worn) {*Slow Fly Int+2}
   (You found it in a Gauntlet)

   Int+2:     It affects your intelligence (+2).
   Fly:       It grants you flight.
   *Slow:     It may slow you when you take damage.
 L - a +2 pair of boots (worn)
Jewellery
 z - a ring of protection from fire (right hand)
 A - an amulet of reflection
 E - an amulet of magic regeneration (around neck)
 N - a ring of poison resistance (left hand)
Wands
 c - a wand of digging (2)
 D - a wand of flame (3)
 M - a wand of roots (7)
 R - a wand of acid (2)
Scrolls
 a - 15 scrolls of teleportation
 B - 4 scrolls of revelation
 F - 5 scrolls of blinking
Potions
 d - 3 potions of magic
 f - 11 potions of curing
 h - 3 potions of heal wounds
 l - a potion of cancellation {unknown}
 m - 2 potions of enlightenment {unknown}
 o - 5 potions of ambrosia {unknown}
 t - 3 potions of invisibility {unknown}
 w - 4 potions of haste {unknown}
 J - 3 potions of brilliance {unknown}
 S - 2 potions of attraction {unknown}
 T - a potion of lignification {unknown}
 U - a potion of experience {unknown}
Miscellaneous
 r - a box of beasts
 Q - a phial of floods
 V - a tin of tremorstones (2/2)


   Skills:
 + Level 7.5 Fighting
 - Level 6.2 Armour
 - Level 3.1 Dodging
 - Level 3.0 Stealth
 - Level 5.0 Shields
 * Level 23.2 Spellcasting
 + Level 14.3 Conjurations
 - Level 1.1 Summonings
 - Level 1.1 Translocations
 - Level 2.0 Transmutations
 - Level 7.2 Air Magic
 + Level 11.6 Earth Magic
 - Level 1.0 Poison Magic
 - Level 1.1 Evocations


You had 32 spell levels left.
You knew the following spells:

 Your Spells              Type           Power      Damage    Failure   Level
a - Magic Dart            Conj           100%       1d8       1%          1
b - Mephitic Cloud        Conj/Pois/Air  86%        N/A       1%          3
c - Call Imp              Summ           40%        N/A       14%         2
d - Blink                 Tloc           40%        N/A       14%         2
e - Airstrike             Air            42%        2d(7-23)  2%          4
f - Bombard               Conj/Erth      52%        9d9       3%          6
g - Lee's Rapid Deconstr  Erth           50%        3d24*     1%          5
h - Irradiate             Conj/Tmut      44%        3d26      4%          5

Your spell library contained the following spells:

 Spells                   Type           Power      Damage    Failure   Level
 Iskenderun's Battlesphe  Conj           100%       2d15      1%          5
 Shock                    Conj/Air       100%       1d9       1%          1
 Momentum Strike          Conj/Tloc      100%       3d10      1%          2
 Poisonous Vapours        Pois/Air       100%       N/A       1%          2
 Static Discharge         Conj/Air       100%       2-7/arc   1%          2
 Arcjolt                  Conj/Air       48%        1d58      1%          5
 Swiftness                Air            37%        N/A       2%          3
 Cigotuvi's Dreadful Rot  Necr/Pois/Air  48%        N/A       7%          2
 Sting                    Tmut/Pois      84%        1d7       8%          1
 Apportation              Tloc           40%        N/A       10%         1
 Wereblood                Tmut           22%        N/A       10%         2
 Animate Armour           Summ/Erth      70%        N/A       11%         4
 Slow                     Hex            64%        N/A       14%         1
 Lesser Beckoning         Tloc           40%        N/A       14%         2
 Jinxbite                 Hex            32%        N/A       22%         2
 Olgreb's Toxic Radiance  Pois           56%        N/A       24%         4
 Summon Lightning Spire   Summ/Air       28%        N/A       26%         4
 Vhi's Electric Charge    Tloc/Air       56%        N/A       26%         4
 Borgnjor's Vile Clutch   Necr/Erth      16%        N/A       36%         5
 Ozocubu's Armour         Ice            16%        N/A       41%         3
 Manifold Assault         Tloc           20%        N/A       67%         4
 Animate Dead             Necr           16%        N/A       82%         4
 Alistair's Intoxication  Tmut/Pois      14%        N/A       91%         5
 Metabolic Englaciation   Hex/Ice        8%         N/A       99%         5
 Death Channel            Necr           8%         N/A       100%        6
 Simulacrum               Ice/Necr       8%         N/A       100%        6
 Discord                  Hex            8%         N/A       100%        8
 Ignition                 Fire           25%        3d8       100%        8
 Maxwell's Capacitive Co  Air            42%        ∞         100%        8


Dungeon Overview and Level Annotations

Branches:
Dungeon (15/15)            Temple (1/1) D:4            Lair (5/5) D:8
 Shoals (1/4) Lair:2       Spider (0/4) Lair:2        Slime (0/5) Lair:5
    Orc (0/2) D:9          Vaults (0/5) D:13         Depths (0/4) D:15
  IceCv (visited)         Gauntlet (visited)

Altars:
Ashenzari
Cheibriados
Dithmenos
Elyvilon
Fedhas
Gozag
Hepliaklqana
Kikubaaqudgha
Makhleb
Nemelex Xobeh
Okawaru
Qazlal
Ru
Sif Muna
Trog
Uskayaw
Vehumet
Wu Jian
Xom
Yredelemnul
Zin
The Shining One
Jiyva

Shops:
D:4 !   D:12 *


Message History

The harpy claws your battlesphere!
Your battlesphere is destroyed!
The merfolk is engulfed in noxious fumes.
The merfolk hits you but does no damage.
The merfolk siren chants its luring song.
The merfolk impaler is engulfed in noxious fumes.
The merfolk impaler appears confused.
Unknown command.
Casting: Bombard (dangerous; 3% risk of failure)
Confirm with . or Enter, or press ? or * to list all spells.
Aiming: Bombard (dangerous; 3% risk of failure)
Press: ? - help, Shift-Dir - straight line, p - merfolk impaler You feel a surge of power!
The iron shot hits the merfolk impaler!!!
The merfolk impaler is heavily wounded.
The blast sends you backwards.
You conjure a globe of magical energy.
The harpy claws your battlesphere! The harpy claws your battlesphere.
The harpy claws your battlesphere!
Your battlesphere is destroyed!
The merfolk impaler is engulfed in noxious fumes.
The merfolk impaler hits the harpy with a +2 heavy trident!
The merfolk is engulfed in noxious fumes.
The merfolk appears confused.
The merfolk grins madly.
The merfolk barely misses the merfolk impaler.
The merfolk siren chants its luring song.
A harpy comes into view.
Unknown command.
Casting: Bombard (dangerous; 3% risk of failure)
Confirm with . or Enter, or press ? or * to list all spells.
Aiming: Bombard (dangerous; 3% risk of failure)
Press: ? - help, Shift-Dir - straight line, f - merfolk impaler
Aim: a merfolk impaler, wielding a +2 heavy trident and wearing a +0 robe (noxious fumes, heavily wounded, confused, 81% to hit)
You feel a surge of power!
The iron shot hits the merfolk impaler!!
The merfolk impaler is almost dead.
You conjure a globe of magical energy.
The merfolk impaler is engulfed in noxious fumes.
The harpy claws you!
You die...

#..........~........
##....~~####m.####.~
#.....~~#≈≈......#
#~...~~~#≈≈~.....#
#~~~~~~~####~~#~~#
#~~~~..~#≈≈~~~#≈≈#
#~~~~~~~~#≈≈~~☼#≈≈# ,
≈≈≈≈≈~~~~####m°#~~#~~ ~
≈≈≈≈≈≈~~~#@H☼m§m~~#~~~~~
#≈*☼(~H~††~~~~~
########~~~~~~ ~.~~~~~
.~~~~ ~~~~ ~≈ ≈


You could see a merfolk impaler (confused), a merfolk (confused), a merfolk
siren (mesmerising), 2 harpies and a friendly battlesphere.

Vanquished Creatures
  Kirke (D:12)
  A reaper (IceCv)
  A very ugly thing (D:15)
  An ironbound preserver (D:12)
  A minotaur (Gauntlet)
  Snorg (D:11)
  Josephine (D:15)
  2 merfolk impalers (Shoals:1)
  A great orb of eyes (D:15)
  2 fire dragons
  3 rakshasas (D:15)
  9 hydras
  3 catoblepae
  6 centaur warriors
  A merfolk aquamancer (Shoals:1)
  6 boulder beetles
  A death scarab (Gauntlet)
  12 death yaks (Lair:5)
  A tengu warrior (D:15)
  5 two-headed ogres
  Urug (D:13)
  A death knight (D:15)
  Nergalle (Lair:1)
  6 skeletal warriors
  A fire crab (Lair:5)
  A pharaoh ant (Lair:2)
  A skyshark (Lair:3)
  A shadow wraith (D:13)
  Lodul (D:12)
  A goliath frog (shapeshifter) (D:15)
  Pikel (D:7)
  4 harpies (Shoals:1)
  A lindwurm (Lair:5)
  A deep elf pyromancer (D:14)
  3 ugly things
  6 cyclopes
  7 manticores
  3 ice statues
  Maurice (D:8)
  A torpor snail (Lair:4)
  3 molten gargoyles (Lair:5)
  5 black mambas
  Maggie (D:6)
  2 unseen horrors
  2 gargoyles
  10 cane toads
  4 rime drakes
  8 komodo dragons
  3 freezing wraiths
  2 efreet
  Jeremiah (D:7)
  A tengu conjurer (D:14)
  Psyche (D:8)
  5 ice devils
  A merfolk (Shoals:1)
  11 trolls
  A polar bear (Lair:5)
  6 meliai
  A wind drake (shapeshifter) (D:15)
  3 blink frogs (Lair:1)
  3 tarantellas (Lair:2)
  7 dream sheep (Lair:5)
  A snapping turtle (Shoals:1)
  A jumping spider (Lair:2)
  4 centaur simulacra
  4 water elementals (D:13)
  8 slime creatures
  2 shadows (Gauntlet)
  8 wyverns
  23 yaks
  A vampire (D:13)
  A dire elephant simulacrum (IceCv)
  3 wraiths (D:15)
  A basilisk (Lair:5)
  7 hogs
  Eustachio (D:6)
  A death yak simulacrum (IceCv)
  3 steam dragons
  34 vampire mosquitoes
  2 harpy simulacra
  4 acid dragons
  5 hell hounds (Lair:5)
  A meliai simulacrum (Gauntlet)
  A spectral torpor snail (Gauntlet)
  5 orc warriors
  17 water moccasins
  A hornet zombie (D:7)
  4 sky beasts
  3 black bears
  3 ice beasts
  A swamp drake (Lair:4)
  A tengu (shapeshifter) (D:14)
  7 ogres
  46 wolves
  A phantom (D:6)
  17 centaurs
  A lemure (D:7)
  Blork the orc (D:6)
  11 bullfrogs
  3 two-headed ogre simulacra (IceCv)
  4 scorpions
  A wyvern zombie (D:7)
  A gnoll sergeant (D:7)
  A water moccasin zombie (D:7)
  A cane toad simulacrum (IceCv)
  19 wights
  An elephant simulacrum (IceCv)
  6 killer bees (D:9)
  A vampire bat (D:4)
  3 howler monkeys
  2 electric eels (D:8)
  5 lava snakes (Lair:5)
  8 hounds
  3 orc priests
  A wyvern simulacrum (Gauntlet)
  5 jellies
  3 sleepcaps
  3 iguanas
  10 orc wizards
  12 hell rats
  2 polar bear simulacra (IceCv)
  4 troll simulacra (IceCv)
  2 spriggan simulacra (IceCv)
  A wolf simulacrum (IceCv)
  3 killer bee zombies (D:7)
  2 howler monkey zombies (D:7)
  5 adders
  8 gnolls
  A naga simulacrum (IceCv)
  A shadow imp (D:8)
  2 white imps
  3 ufetubi
  A dart slug (D:1)
  3 fire bats (D:4)
  2 worms
  48 orcs
  2 spectral bats (D:4)
  3 bat skeletons (D:4)
  A bat zombie (D:4)
  8 endoplasms
  A giant cockroach (D:2)
  8 goblins
  4 hobgoblins
  5 kobolds
  8 ball pythons
  14 bats
  A bat simulacrum (D:4)
  8 frilled lizards
  5 rats
667 creatures vanquished.

Vanquished Creatures (others)
  A wolf (Lair:2)
1 creature vanquished.

Grand Total: 668 creatures vanquished

Notes
Turn   | Place    | Note
-------+----------+-------------------------------------------
     0 | D:1      | pokeman the Deep Elf Hedge Wizard began the quest for the
                  | Orb.
     0 | D:1      | Reached XP level 1. HP: 10/10 MP: 7/7
   325 | D:1      | Reached XP level 2. HP: 14/16 MP: 1/9
  1296 | D:2      | Found an opulent altar of Gozag.
  1408 | D:2      | Reached skill level 5 in Spellcasting
  1465 | D:2      | Reached XP level 3. HP: 16/20 MP: 4/11
  1469 | D:2      | Learned a level 3 spell: Mephitic Cloud
  1472 | D:2      | Learned a level 2 spell: Call Imp
  1475 | D:2      | Learned a level 2 spell: Blink
  2189 | D:3      | Reached skill level 1 in Fighting
  2239 | D:3      | Reached skill level 1 in Armour
  2249 | D:3      | HP: 1/20 [goblin/+0 club (2)]
  2424 | D:3      | Reached XP level 4. HP: 25/25 MP: 3/13
  2896 | D:3      | Found the sphere of Battle
  3147 | D:4      | Noticed a scorpion
  3150 | D:4      | Killed a scorpion
  3151 | D:4      | Reached skill level 6 in Spellcasting
  3151 | D:4      | Reached XP level 5. HP: 29/29 MP: 10/15
  3156 | D:4      | Noticed a water moccasin
  3158 | D:4      | Killed a water moccasin
  3159 | D:4      | Reached skill level 1 in Shields
  3250 | D:4      | Found Eno Toez's Distillery.
  3272 | D:4      | Bought a potion of curing for 42 gold pieces
  3272 | D:4      | Bought a potion of heal wounds for 70 gold pieces
  3340 | D:4      | Found a staircase to the Ecumenical Temple.
  3351 | Temple   | Entered the Ecumenical Temple
  3369 | Temple   | Became a worshipper of Vehumet
  3464 | D:4      | Reached XP level 6. HP: 34/34 MP: 13/17
  3658 | D:4      | Reached skill level 7 in Spellcasting
  3658 | D:4      | Reached skill level 1 in Air Magic
  3658 | D:4      | Reached skill level 1 in Poison Magic
  3706 | D:4      | Reached * piety under Vehumet
  3706 | D:4      | Offered knowledge of Freeze by Vehumet.
  4051 | D:5      | Entered Level 5 of the Dungeon
  4084 | D:5      | Reached XP level 7. HP: 38/38 MP: 10/20
  4121 | D:5      | Reached skill level 8 in Spellcasting
  4536 | D:5      | Reached XP level 8. HP: 44/44 MP: 19/22
  4683 | D:5      | Reached skill level 9 in Spellcasting
  4947 | D:6      | Noticed a two-headed ogre
  4952 | D:6      | Killed a two-headed ogre
  4953 | D:6      | Reached skill level 10 in Spellcasting
  4953 | D:6      | Reached skill level 5 in Conjurations
  4967 | D:6      | Reached ** piety under Vehumet
  5075 | D:6      | Offered knowledge of Searing Ray by Vehumet.
  5131 | D:6      | Noticed Eustachio
  5143 | D:6      | Killed Eustachio
  5144 | D:6      | Reached XP level 9. HP: 48/48 MP: 18/25
  5148 | D:6      | Noticed Maggie
  5158 | D:6      | Killed Maggie
  5159 | D:6      | Reached skill level 11 in Spellcasting
  5526 | D:6      | Noticed Blork the orc
  5532 | D:6      | Killed Blork the orc
  5533 | D:6      | Reached skill level 5 in Air Magic
  5896 | D:6      | Learned a level 4 spell: Airstrike
  6073 | D:7      | Reached skill level 12 in Spellcasting
  6108 | D:7      | Reached skill level 1 in Evocations
  6210 | D:7      | Offered knowledge of Volatile Blastmotes by Vehumet.
  6347 | D:7      | Reached *** piety under Vehumet
  6348 | D:7      | Reached XP level 10. HP: 54/54 MP: 23/28
  6466 | D:7      | Noticed Jeremiah
  6467 | D:7      | Noticed Pikel
  6497 | D:7      | Killed Jeremiah
  6511 | D:7      | Killed Pikel
  6512 | D:7      | Reached skill level 13 in Spellcasting
  7103 | D:8      | Noticed Maurice
  7104 | D:8      | Offered knowledge of Flame Wave by Vehumet.
  7322 | D:8      | Killed Maurice
  7391 | D:8      | Found a staircase to the Lair.
  7395 | D:8      | Reached skill level 14 in Spellcasting
  7425 | D:8      | Found a sparkling altar of Nemelex Xobeh.
  7484 | D:8      | Found a stormy altar of Qazlal.
  7542 | D:8      | Noticed Psyche
  7546 | D:8      | Killed Psyche
  7587 | D:8      | Reached **** piety under Vehumet
  7630 | D:8      | Found a hazy altar of Hepliaklqana.
  7791 | D:9      | Noticed a two-headed ogre
  7795 | D:9      | Killed a two-headed ogre
  7796 | D:9      | Reached XP level 11. HP: 61/61 MP: 20/31
  7834 | D:9      | Offered knowledge of Lee's Rapid Deconstruction by Vehumet.
  7845 | D:9      | Learned a level 5 spell: Lee's Rapid Deconstruction
  7914 | D:9      | Found a staircase to the Orcish Mines.
  8293 | D:10     | Entered Level 10 of the Dungeon
  8364 | D:10     | Reached skill level 1 in Earth Magic
  8421 | D:10     | Reached skill level 15 in Spellcasting
  8922 | D:11     | Noticed Snorg
  8943 | D:11     | Killed Snorg
  9125 | D:11     | Noticed a purple ugly thing
  9134 | D:11     | Killed a purple ugly thing
  9319 | D:11     | Identified the staff "Ewocw" {rPois Int+4 Poison}
  9367 | D:11     | Reached ***** piety under Vehumet
  9371 | D:11     | Offered knowledge of Spellforged Servitor by Vehumet.
  9668 | D:11     | Reached skill level 16 in Spellcasting
 10256 | D:12     | Noticed Kirke
 10275 | D:12     | Reached XP level 12. HP: 66/66 MP: 26/34
 10371 | D:12     | Noticed a sphinx
 10590 | D:12     | Noticed a boulder beetle
 10602 | D:12     | Killed a boulder beetle
 10614 | D:12     | Reached skill level 10 in Conjurations
 10660 | D:12     | Reached skill level 5 in Earth Magic
 10797 | D:12     | Noticed Lodul
 10999 | D:12     | Killed Kirke
 11000 | D:12     | Reached skill level 17 in Spellcasting
 11157 | D:12     | Reached skill level 5 in Shields
 11419 | D:12     | Found Roemakk's Fire Supplies.
 11612 | D:13     | Found a gate to the Vaults.
 11612 | D:13     | Noticed an ironbound preserver
 11612 | D:13     | Noticed a centaur warrior
 11616 | D:13     | Noticed a centaur warrior
 11725 | Lair:1   | Entered Level 1 of the Lair of Beasts
 11744 | Lair:1   | Identified the +2 pair of gloves of Watchfulness {rElec rF-
                  | Dex+3}
 12060 | Lair:1   | Reached skill level 18 in Spellcasting
 12120 | Lair:1   | Offered knowledge of Conjure Ball Lightning by Vehumet.
 12150 | Lair:1   | Noticed Nergalle
 12171 | Lair:1   | Killed Nergalle
 12738 | Lair:1   | Reached XP level 13. HP: 57/70 MP: 34/37
 13026 | Lair:2   | Learned a level 5 spell: Irradiate
 13040 | Lair:2   | Found a staircase to the Shoals.
 13077 | Lair:2   | Reached skill level 5 in Armour
 13078 | Lair:2   | Reached skill level 1 in Transmutations
 13097 | Lair:2   | Found a hole to the Spider Nest.
 14084 | Lair:3   | Reached skill level 19 in Spellcasting
 14843 | Lair:4   | Found the +16 obsidian axe {drain, demonic, Mesm Drain Fly
                  | SInv}
 14879 | Lair:4   | Offered knowledge of Bombard by Vehumet.
 14915 | Lair:4   | Learned a level 6 spell: Bombard
 14954 | Lair:4   | Found a frozen archway.
 14980 | IceCv    | Entered an ice cave
 15165 | IceCv    | Identified the ring "Afopriyfre" {Ice Will+ Str+4 Dex-2}
 15165 | IceCv    | Noticed a reaper
 15170 | IceCv    | Killed a reaper
 16333 | Lair:5   | Entered Level 5 of the Lair of Beasts
 16376 | Lair:5   | Reached skill level 20 in Spellcasting
 16378 | Lair:5   | Reached XP level 14. HP: 76/76 MP: 13/40
 16510 | Lair:5   | Found a gate leading to a gauntlet.
 16519 | Gauntlet | Entered a Gauntlet
 16519 | Gauntlet | Found a transporter.
 16519 | Gauntlet | Found a transporter.
 16519 | Gauntlet | Found a transporter.
 16519 | Gauntlet | Found a transporter.
 16716 | Gauntlet | Noticed a reaper
 16725 | Gauntlet | Found a transporter.
 16733 | Gauntlet | Found a transporter.
 16739 | Gauntlet | Found a transporter.
 16740 | Gauntlet | Found a transporter.
 16746 | Gauntlet | Found a transporter.
 16766 | Gauntlet | Found a transporter.
 16868 | Gauntlet | Found a transporter.
 16882 | Gauntlet | Found a transporter.
 17073 | Gauntlet | Identified the +2 helmet of Jigsaw {*Slow Fly Int+2}
 17125 | Gauntlet | Found the +0 pair of fencer's gloves {Riposte Dex+3}
 17237 | Lair:5   | Reached skill level 5 in Fighting
 17411 | Lair:5   | Found a staircase to the Slime Pits.
 17411 | Lair:5   | Found a viscous altar of Jiyva.
 17836 | Lair:5   | Upgraded the game from 0.31-a0-841-g038b102fc3 to
                  | 0.31-a0-844-gdc52ec4e09
 17882 | Lair:5   | Reached skill level 21 in Spellcasting
 17886 | Lair:5   | Offered knowledge of Ozocubu's Refrigeration by Vehumet.
 18674 | Lair:5   | Reached skill level 10 in Earth Magic
 18877 | Lair:5   | Found a large runed translucent door.
 18877 | Lair:5   | Found a large runed translucent door.
 19325 | D:12     | Killed Lodul
 19476 | D:12     | Killed an ironbound preserver
 19700 | D:13     | Reached XP level 15. HP: 84/84 MP: 35/42
 19833 | D:13     | Noticed Urug
 19838 | D:13     | Killed Urug
 20001 | D:13     | Reached skill level 22 in Spellcasting
 21567 | D:15     | Entered Level 15 of the Dungeon
 22425 | D:15     | Noticed Josephine
 22427 | D:15     | Killed Josephine
 22714 | D:15     | Reached ****** piety under Vehumet
 22718 | D:15     | Reached skill level 23 in Spellcasting
 22736 | D:15     | Found a staircase to the Depths.
 23819 | Shoals:1 | Entered Level 1 of the Shoals
 23935 | Shoals:1 | Offered knowledge of Iskenderun's Battlesphere by Vehumet.
 23942 | Shoals:1 | Slain by a harpy

Illustrated notes

Levels and vault maps discovered:
D:1:      amcnicky_arrival_feature_with_door, layout_basic
D:2:      layout_basic, basic_altar, minmay_tripent
D:3:      layout_rooms
D:4:      layout_basic, minmay_temple_entry_slanted, serial_shops,
          nicolae_square_shop, minmay_misc_feat_square, goddamned_bats
D:5:      layout_gridville, grunt_decor_resistance, palyth_stone_intersect,
          fountainhead, minmay_misc_feat_tiny
D:6:      layout_basic, eino_curves_01, dk_vineyard_2, uniq_maggie,
          uniq_blork_the_orc, uniq_eustachio
D:7:      layout_basic, serial_undead, serial_undead_c, serial_undead_d,
          serial_undead_e, serial_undead_b, serial_undead_a, serial_undead_c,
          uniq_pikel, uniq_jeremiah
D:8:      layout_rooms, mainiacjoe_overflow_catwalk_spiral, grunt_qazlal_clouds,
          erik_lair_island, uniq_psyche, uniq_maurice
D:9:      layout_cave_pools, david_orc_2
D:10:     layout_cave_pools, serial_column_ruins, column_ruins_square_large,
          column_ruins_open_tiny, column_ruins_open_medium,
          column_ruins_columns_corner, column_ruins_open_small,
          column_ruins_corridor_corner, column_ruins_open_tiny
D:11:     layout_loops_ring, uniq_snorg
D:12:     layout_rooms, nicolae_shop_fire_sale [nicolae_sub_dead_trees],
          lemuel_flamethrower_hall, uniq_kirke, uniq_lodul
D:13:     minmay_bloctagon, layout_rooms, skrybe_vaults_entry_preservation,
          nicolae_underground_beach, uniq_urug
D:14:     layout_small_grid, columned_hall_lemuel
D:15:     gammafunk_enter_depths_forms, layout_stronghold, abandoned_shop,
          uniq_josephine
Temple:   hellmonk_temple_of_storms
Lair:1:   layout_layer_cave, uniq_nergalle
Lair:2:   layout_layer_cave, shoals_dummy_entry,
          nicolae_spider_entry_lesser_pyramids, nicolae_lair_grove_arrangements
Lair:3:   layout_regular_city, lemuel_fruit_tree
Lair:4:   layout_gridlike, portal_ice_cave_demonic_guard,
          dreamdust_deal_with_the_devil, pond
Lair:5:   cheibrodos_lair_end_hotspot, layout_loops_ring,
          minmay_slime_entry_pillars, gauntlet_entry_generic
Shoals:1: cheibrodos_shoals_gigantism, layout_shoals,
          nicolae_shoals_water_booths, uniq_roxanne

Skill      XL: |  1  2  3  4  5  6  7  8  9 10 11 12 13 14 15 |
---------------+----------------------------------------------+-----
Spellcasting   | 5 6 7 8 10 12 14 16 18 20 21 23 | 23.2
Fighting       | 1 2 4 6 7 |  7.5
Armour         | 1 2 3 4 6 |  6.2
Conjurations   | 2 3 4 5 7 8 9 11 12 13 14 | 14.3
Dodging        | 3 |  3.1
Stealth        | 3 |  3.0
Shields        | 1 2 3 4 5 |  5.0
Air Magic      | 1 3 4 5 7 |  7.2
Poison Magic   | 1 |  1.0
Evocations     | 1 |  1.1
Earth Magic    | 4 6 8 10 11 | 11.6
Transmutations | 2 |  2.0
Summonings     | |  1.1
Translocations | |  1.1

Action                     |  1- 3 |  4- 6 |  7- 9 | 10-12 | 13-15 || total
---------------------------+-------+-------+-------+-------+-------++-------
  Melee: Dagger            |     6 |       |       |       |       ||     6
         Whip              |     1 |     4 |       |       |       ||     5
         Flail             |       |       |       |     2 |       ||     2
         Short sword       |       |       |       |    10 |       ||    10
   Cast: Magic Dart        |   102 |    84 |   176 |   451 |   439 ||  1252
         Mephitic Cloud    |     3 |     1 |     5 |    38 |    37 ||    84
         Blink             |       |     1 |       |     1 |    10 ||    12
         Airstrike         |       |       |     1 |    82 |     7 ||    90
         Lee's Rapid Decon |       |       |       |       |   108 ||   108
         Bombard           |       |       |       |       |   118 ||   118
         Irradiate         |       |       |       |       |    10 ||    10
         Call Imp          |       |       |       |       |     1 ||     1
    Use: Scroll            |       |       |       |    11 |    11 ||    22
   Stab: Confused          |     1 |       |       |       |       ||     1
 Armour: Robe              |    13 |     8 |     1 |       |     1 ||    23
         Steam dragon scal |       |       |     9 |    92 |   135 ||   236
         Skin              |       |       |     2 |       |       ||     2
         Fire dragon scale |       |       |       |       |    40 ||    40
  Dodge: Dodged            |     9 |    23 |    17 |    89 |   109 ||   247
         Repelled          |       |       |       |       |     6 ||     6

Table legend: (Time is in decaauts)
 A = Elapsed time spent in this place.
 B = Non-inter-level travel time spent in this place.
 C = Inter-level travel time spent in this place.
 D = Time resting spent in this place.
 E = Time spent auto-exploring this place.
 F = Levels seen in this place.
 G = Mean time per level.
                   A        B        C        D        E       F      G
               +--------+--------+--------+--------+--------+-----+--------+
         Total |  23995 |  20973 |   3022 |   1719 |  14745 |  24 |  999.8 |
       Dungeon |  16304 |  14236 |   2068 |    872 |  10967 |  15 | 1086.9 |
        Temple |    152 |    121 |     31 |      0 |      0 |   1 |  152.0 |
          Lair |   6387 |   5465 |    922 |    607 |   3476 |   5 | 1277.4 |
        Shoals |    122 |    122 |      0 |     37 |     49 |   1 |  122.0 |
      Ice Cave |    396 |    396 |      0 |      0 |    202 |   1 |  396.0 |
      Gauntlet |    631 |    631 |      0 |    203 |     51 |   1 |  631.0 |
               +--------+--------+--------+--------+--------+-----+--------+

Top non-repeatable levels by time:
  Lair:5: 1532 daAuts
  Lair:1: 1520 daAuts
    D:12: 1504 daAuts
    D:11: 1454 daAuts
    D:13: 1407 daAuts
  Lair:4: 1386 daAuts
     D:2: 1307 daAuts
    D:15: 1283 daAuts
     D:6: 1254 daAuts
     D:7: 1238 daAuts
     D:4: 1123 daAuts
  Lair:2: 1050 daAuts
     D:1: 983 daAuts
     D:5: 896 daAuts
  Lair:3: 896 daAuts
